 Dungeon Crawl Stone Soup version 0.28-b1 (webtiles) character file.

Game seed: 1483831637338999472

191 H0rd4k the Magician (level 5, -7/28 HPs)
             Began as a Deep Elf Hedge Wizard on Jan 26, 2022.
             Mangled by Sigmund (10 damage)
             ... on level 3 of the Dungeon.
             The game lasted 00:03:27 (2987 turns).

H0rd4k the Magician (Deep Elf Hedge Wizard)         Turns: 2987, Time: 00:03:27

Health: -7/28      AC:  2    Str:  7    XL:     5   Next: 42%
Magic:  10/16      EV: 12    Int: 21    God:
Gold:   94         SH:  0    Dex: 14    Spells: 12/18 levels left

rFire   . . .      SeeInvis .   a - +0 dagger
rCold   . . .      Faith    .   (no shield)
rNeg    . . .      Spirit   .   b - +0 robe
rPois   .          Reflect  .   c - +0 hat
rElec   .          Harm     .   (no cloak)
rCorr   .          Rampage  .   (no gloves)
Will    .....                   (no boots)
Stlth   ++........              (no amulet)
HPRegen 0.09/turn               (no ring)
MPRegen 0.15/turn               (no ring)

@: lethally poisoned (-7 -> -13)
A: no striking features
a: no special abilities


You were on level 3 of the Dungeon.
You visited 1 branch of the dungeon, and saw 3 of its levels.

You collected 94 gold pieces.

Inventory:

Hand Weapons
 a - a +0 dagger (weapon)
Armour
 b - a +0 robe (worn)
 c - a +0 hat (worn)
Scrolls
 d - a scroll of magic mapping {unknown}
 e - 5 scrolls of identify {unknown}
 f - a scroll of summoning {unknown}
 h - a scroll of blinking {unknown}
 i - a scroll of teleportation {unknown}
 j - a scroll of torment {unknown}
 l - a scroll of enchant weapon {unknown}
 m - a scroll of amnesia {unknown}
 n - a scroll of enchant armour {unknown}
Potions
 g - a potion of might {unknown}
 k - a potion of haste {unknown}


   Skills:
 + Level 2.5 Dodging
 + Level 3.9 Stealth
 + Level 7.0 Spellcasting
 + Level 2.8 Conjurations
 + Level 1.1 Summonings
 + Level 1.1 Translocations


You had 12 spell levels left.
You knew the following spells:

 Your Spells              Type           Power      Damage    Failure   Level
a - Magic Dart            Conj           76%        1d6       2%          1
b - Blink                 Tloc           22%        N/A       9%          2
c - Conjure Flame         Conj/Fire      13%        6-21      16%         3

Your spell library contained the following spells:

 Spells                   Type           Power      Damage    Failure   Level
 Slow                     Hex            28%        N/A       9%          1
 Call Imp                 Summ           11%        N/A       9%          2
 Mephitic Cloud           Conj/Pois/Air  11%        N/A       19%         3


Dungeon Overview and Level Annotations

Branches:
Dungeon (3/15)

Altars:

Shops:
D:1 =

Annotations:
D:3 1 runed translucent door, exclusion: door, Crazy Yiuf, Sigmund


Message History

You bump into the rock wall.
You feel less confused. The adder bites you.
You are poisoned.
The adder poisons you! The adder bites you.
You feel sick.
The magic dart hits the adder.
The adder is moderately wounded.
You feel sick. The adder misses you.
The magic dart hits the adder.
The adder is severely wounded.
You feel sick. The adder bites you. Something hits you.
You are too injured to fight recklessly!
You are too injured to fight recklessly!
You are too injured to fight recklessly!
You are too injured to fight recklessly!
Unknown command.
Casting: Magic Dart (safe; 2% risk of failure)
Confirm with . or Enter, or press ? or * to list all spells.
Aiming: Magic Dart (safe; 2% risk of failure)
Press: ? - help, Shift-Dir - straight line, f/p - adder
Aim: an adder (severely wounded, 100% to hit)
The magic dart hits the adder.
The adder is almost dead.
You feel sick. The adder bites you.
* * * LOW HITPOINT WARNING * * *
The adder bites you.
* * * LOW HITPOINT WARNING * * *
You are lethally poisoned!
The adder poisons you!
Casting: Magic Dart (safe; 2% risk of failure)
Confirm with . or Enter, or press ? or * to list all spells.
Aiming: Magic Dart (safe; 2% risk of failure)
Press: ? - help, Shift-Dir - straight line, f/p - adder
Aim: an adder (almost dead, 100% to hit)
The magic dart hits the adder.
You kill the adder!
* * * LOW HITPOINT WARNING * * *
You feel sick. Something hits you!
You die...

..........[.).##............#....
..............##........#####....
..............##........# #.....
..............##........# #.....
.............###........# #'..+#
#.....#.....## #####.#### #....#
###########.# #. ♣....♣
#.#########... ♣)♣.♣♣
#.....@....... ♣♣)♣♣
####.######... ♣)♣♣ #.†S.....#
♣♣)♣ #......{... ♣)♣
#.).......... ♣♣) ########.......
+# ....... )) ...#### ))# .#.{
g)#


There were no monsters in sight!

Vanquished Creatures
  A jelly (D:3)
  2 iguanas (D:3)
  4 adders
  3 gnolls (D:2)
  A worm (D:2)
  A dart slug (D:2)
  An endoplasm (D:1)
  10 giant cockroaches
  3 goblins
  3 hobgoblins
  2 quokkas
  4 ball pythons
  6 bats
  3 frilled lizards
  5 kobolds
  4 rats
53 creatures vanquished.

Notes
Turn   | Place    | Note
-------+----------+-------------------------------------------
     0 | D:1      | H0rd4k the Deep Elf Hedge Wizard began the quest for the
                  | Orb.
     0 | D:1      | Reached XP level 1. HP: 10/10 MP: 7/7
   383 | D:1      | Reached skill level 5 in Spellcasting
   383 | D:1      | Reached XP level 2. HP: 12/15 MP: 6/10
   475 | D:1      | Found a faded altar of an unknown god.
   513 | D:1      | Found Ezxonigg's Jewellery Shop.
   991 | D:1      | Learned a level 2 spell: Blink
  1188 | D:2      | Reached XP level 3. HP: 12/19 MP: 2/12
  2255 | D:2      | Reached XP level 4. HP: 24/24 MP: 8/13
  2450 | D:2      | Learned a level 3 spell: Conjure Flame
  2514 | D:3      | Reached skill level 6 in Spellcasting
  2644 | D:3      | Reached XP level 5. HP: 28/28 MP: 13/15
  2815 | D:3      | Found a runed translucent door.
  2816 | D:3      | Noticed Crazy Yiuf
  2942 | D:3      | Reached skill level 7 in Spellcasting
  2974 | D:3      | Noticed Sigmund
  2987 | D:3      | Mangled by Sigmund

Illustrated notes

Levels and vault maps discovered:
D:1:      amcnicky_arrival_flooded_fountain, layout_basic,
          hellmonk_ecumenical_altar_pennies_from_heaven, serial_shops,
          nicolae_shop_crystal
D:2:      minmay_roachtagon, layout_basic
D:3:      layout_rooms, serial_corexii_hall, corexii_hall_statues_i,
          corexii_hall_statues_t, uniq_crazy_yiuf_cottage, uniq_sigmund

Skill      XL: |  1  2  3  4  5 |
---------------+----------------+-----
Spellcasting   | 5 6 7 |  7.0
Stealth        | 3 |  3.9
Conjurations   | 2 |  2.8
Dodging        | |  2.5
Summonings     | |  1.1
Translocations | |  1.1

Action                   |  1- 3 |  4- 6 || total
-------------------------+-------+-------++-------
Melee: Dagger            |     3 |       ||     3
 Cast: Magic Dart        |   118 |    52 ||   170
       Conjure Flame     |       |     1 ||     1
Armor: Robe              |     5 |       ||     5
Dodge: Dodged            |    17 |     6 ||    23
